 Dungeon Crawl Stone Soup version 0.22.1-6-g1668fe2c40 (webtiles) character file.

426 Jerry the Skirmisher (level 6, 0/44 HPs)
             Began as a Demonspawn Chaos Knight on Jan 19, 2019.
             Slain by Grinder (2 damage)
             ... on level 5 of the Dungeon.
             The game lasted 00:07:23 (3891 turns).

Jerry the Skirmisher (Demonspawn Chaos Knight)      Turns: 3891, Time: 00:07:24

Health: 0/44       AC: 10    Str: 14    XL:     6   Next: 64%
Magic:  6/6        EV: 13    Int: 13    God:    Xom [.*....]
Gold:   228        SH:  0    Dex: 17    Spells: 5/5 levels left

rFire    + . .     SeeInvis .   a - +1 mace (chaos)
rCold    + . .     Gourm    .   (no shield)
rNeg     + . .     Faith    .   b - +2 leather armour
rPois    .         Spirit   .   l - +1 helmet
rElec    .         Reflect  .   e - scarf {rC+ rF+}
rCorr    .         Harm     .   (no gloves)
MR       .....                  n - +0 pair of boots
Stlth    +.........             o - amulet of the acrobat
HPRegen  0.14/turn              q - ring of positive energy
MPRegen  0.10/turn              j - +4 ring of dexterity

@: glowing
A: hooves 2, thin metallic scales 1, frail 1
a: Renounce Religion


You were on level 5 of the Dungeon.
You worshipped Xom.
You were a plaything of Xom.
You were not hungry.

You visited 1 branch of the dungeon, and saw 5 of its levels.

You collected 228 gold pieces.

Inventory:

Hand Weapons
 a - a +1 mace of chaos (weapon)
Armour
 b - a +2 leather armour (worn)
 e - a scarf of resistance (worn)
 l - a +1 helmet (worn)
 n - a +0 pair of boots (worn)
Jewellery
 j - a +4 ring of dexterity (right hand)
 o - an amulet of the acrobat (around neck)
 q - a ring of positive energy (left hand)
Scrolls
 d - 6 scrolls of teleportation
 g - a scroll of enchant weapon
 h - a scroll of enchant armour
 k - a scroll of identify
 p - a scroll of remove curse
Potions
 f - 5 potions of curing
 i - a potion of berserk rage {unknown}
 m - a potion of lignification {unknown}
 r - a potion of heal wounds {unknown}
Comestibles
 c - 7 rations
 s - 3 chunks of flesh


   Skills:
 + Level 4.5 Fighting
 + Level 4.1 Maces & Flails
 + Level 3.5 Armour
 + Level 3.1 Dodging


You had 5 spell levels left.
You didn't know any spells.
Your spell library contained the following spells:

 Spells                   Type           Power        Failure   Level  Hunger
 Animate Skeleton         Necr           N/A          36%         1    ##.....
 Apportation              Tloc           #.....       36%         1    ##.....
 Confusing Touch          Hex            #.....       36%         1    ##.....
 Magic Dart               Conj           #...         36%         1    ##.....
 Summon Small Mammal      Summ           #...         36%         1    ##.....
 Blink                    Tloc           N/A          50%         2    ###....
 Call Imp                 Summ           #.......     50%         2    ###....
 Slow                     Hex            #.......     50%         2    ###....
 Confuse                  Hex            #.......     75%         3    ####...
 Conjure Flame            Conj/Fire      #.......     75%         3    ####...
 Gell's Gravitas          Tloc           #.........   75%         3    ####...
 Mephitic Cloud           Conj/Pois/Air  #.......     75%         3    ####...
 Petrify                  Tmut/Erth      #.......     98%         4    #####..
 Metabolic Englaciation   Hex/Ice        #.........   100%        5    ######.
 Yara's Violent Unravell  Hex/Tmut       #.........   100%        5    ######.


Dungeon Overview and Level Annotations

Branches:
Dungeon (5/15)
 Temple: D:4-7

Altars:
Qazlal

Annotations:
D:5 Grinder


Innate Abilities, Weirdness & Mutations

You have hoof-like feet.
You are partially covered in thin metallic scales. (AC +2)
You are frail. (-10% HP)


Message History

You aren't carrying any items that you can evoke.
Xom's power touches on you for a moment.
You are outlined in light.
You completely miss Grinder.
Grinder is lightly wounded.
Grinder hits you.
You writhe in agony.
Grinder hits you!
You writhe in agony.
You hit Grinder.
Grinder is moderately wounded.
Grinder closely misses you.
You closely miss Grinder.
Grinder is heavily wounded.
Grinder hits you!
* * * LOW HITPOINT WARNING * * *
You hit Grinder but do no damage.
Grinder is heavily wounded.
Grinder hits you.
* * * LOW HITPOINT WARNING * * *
You writhe in agony.
You die...
Xom chuckles heartily!

+# .# ##### .#
# ...##.##
####.###.#.!.##
..............#
#(?#@5.###
#........#
#:)...#####....
####### ###


You could see Grinder.

Vanquished Creatures
  A sky beast (D:5)
  A phantom (D:4)
  An orc priest (D:5)
  A hound (D:4)
  An orc wizard (D:5)
  2 worker ants (D:4)
  5 adders
  An ooze (D:2)
  An adder skeleton (D:4)
  3 worms
  A dart slug (D:2)
  A leopard gecko (D:3)
  7 orcs
  A ball python (D:3)
  A giant cockroach (D:3)
  2 goblins
  2 hobgoblins
  4 jackals
  3 quokkas
  5 bats
  2 frilled lizards
  5 kobolds
  3 rats
54 creatures vanquished.

Notes
Turn   | Place    | Note
-------+----------+-------------------------------------------
     0 | D:1      | Jerry the Demonspawn Chaos Knight began the quest for the
                  | Orb.
     0 | D:1      | Reached XP level 1. HP: 18/18 MP: 1/1
   166 | D:1      | XOM: divination: magic mapping
   252 | D:1      | XOM: harmless Erth miscast
   508 | D:1      | XOM: divination: magic mapping
   586 | D:1      | Reached skill level 1 in Dodging
   662 | D:1      | XOM: harmless Pois miscast
   810 | D:2      | Gained mutation: You have large cloven feet. [demonic
                  | ancestry]
   810 | D:2      | Reached XP level 2. HP: 24/24 MP: 2/2
  1044 | D:2      | Reached XP level 3. HP: 29/29 MP: 3/3
  1364 | D:2      | XOM: mild Ice miscast
  1368 | D:2      | Gained mutation: You have hoof-like feet. [demonic
                  | ancestry]
  1368 | D:2      | Reached XP level 4. HP: 31/35 MP: 4/4
  1529 | D:2      | XOM: give mutation
  1529 | D:2      | Gained mutation: You are frail. (-10% HP) [Xom's mischief]
  1593 | D:3      | XOM: stealth player
  2127 | D:3      | Found a stormy altar of Qazlal.
  2308 | D:3      | XOM: draining
  2374 | D:3      | XOM: harmless Summ miscast
  2817 | D:4      | XOM: 3-stop teleportation journey
  3121 | D:4      | Noticed a phantom
  3127 | D:4      | XOM: stat loss: -1 Dex (12/13)
  3130 | D:4      | XOM: cleaving
  3267 | D:3      | XOM: harmless Tmut miscast
  3360 | D:4      | Killed a phantom
  3360 | D:4      | Reached XP level 5. HP: 29/37 MP: 5/5
  3528 | D:4      | XOM: silly message
  3656 | D:5      | Entered Level 5 of the Dungeon
  3658 | D:5      | Gained mutation: You are partially covered in thin metallic
                  | scales. (AC +2) [demonic ancestry]
  3658 | D:5      | Reached XP level 6. HP: 43/43 MP: 6/6
  3698 | D:5      | Noticed a sky beast
  3700 | D:5      | XOM: harmless Necr miscast
  3713 | D:5      | Killed a sky beast
  3729 | D:5      | XOM: medium Tloc miscast
  3878 | D:5      | Noticed an ice beast
  3880 | D:5      | XOM: 2-stop teleportation journey
  3881 | D:5      | Noticed Grinder
  3883 | D:5      | Paralysed by Grinder for 3 turns
  3887 | D:5      | XOM: mild Hex miscast
  3891 | D:5      | HP: 2/44 [Grinder (4)]
  3891 | D:5      | Slain by Grinder

Skill      XL: |  1  2  3  4  5  6 |
---------------+-------------------+-----
Dodging        | 1 2 3 |  3.1
Armour         | 2 3 |  3.5
Maces & Flails | 3 4 |  4.1
Fighting       | 4 |  4.5

Action                   |  1- 3 |  4- 6 || total
-------------------------+-------+-------++-------
Melee: Mace              |    66 |   123 ||   189
       Kick              |    14 |     7 ||    21
  Use: Scroll            |     5 |     4 ||     9
 Stab: Confused          |       |     2 ||     2
       Paralysed         |       |     1 ||     1
       Sleeping          |       |     2 ||     2
       Petrifying        |       |     2 ||     2
  Eat: Chunk             |     1 |     8 ||     9
Armor: Leather armour    |     3 |    46 ||    49
       Ring mail         |    20 |       ||    20
Dodge: Dodged            |    48 |    86 ||   134
